 Dungeon Crawl Stone Soup version bcrawl-1.23 (webtiles) character file.

Game seed: 11907954172608073523

53 Chiseanne the Sneak (level 3, 0/28 HPs)
             Began as a Ghoul Enchanter on May 23, 2020.
             Slain by a centaur (4 damage)
             ... on level 3 of the Dungeon.
             The game lasted 00:03:30 (1912 turns).

Chiseanne the Sneak (Ghoul Enchanter)               Turns: 1912, Time: 00:03:30

Health: 0/28       AC:  4    Str: 11    XL:     3   Next: 89%
Magic:  5/5        EV: 12    Int: 10    God:
Gold:   87         SH:  0    Dex: 10    Spells: 3/6 levels left

rFire    . . .     SeeInvis .   (no weapon)
rCold    + . .     Gourm    .   (no shield)
rNeg     + + +     Faith    .   j - +1 leather armour
rPois    ∞         Spirit   .   (no helmet)
rElec    .         Reflect  .   (no cloak)
rCorr    .         Harm     .   (no gloves)
MR       .....                  (no boots)
Stlth    ++........             (no amulet)
HPRegen  0.00/turn              (no ring)
MPRegen  0.09/turn              (no ring)

@: rotting
A: rotting body, claws 1, carnivore, cold resistance 1, negative energy
resistance 3, inhibited regeneration, torment resistance, unbreathing
a: no special abilities


You were on level 3 of the Dungeon.
You were not hungry.

You visited 1 branch of the dungeon, and saw 3 of its levels.

You collected 87 gold pieces.

Inventory:

Hand Weapons
 i - a +0 club
Missiles
 a - 262 sling bullets
 e - 142 tomahawks (quivered)
 g - 490 stones
 k - a throwing net {!f}
Armour
 j - a +1 leather armour (worn)
Magical Staves
 o - an uncursed staff of cold {unknown}
Scrolls
 d - a scroll of fog
Potions
 b - 2 potions of haste
 h - a potion of heal wounds
 m - a potion of mutation {unknown}
Comestibles
 n - 2 chunks of flesh


   Skills:
 * Level 1.4 Fighting
   Level 0.8 Short Blades
 * Level 0.5 Armour
 * Level 2.3 Dodging
 - Level 3.6 Stealth
 * Level 2.2 Spellcasting
 * Level 2.8 Hexes


You had 3 spell levels left.
You knew the following spells:

 Your Spells              Type           Power        Failure   Level  Hunger
a - Confuse               Hex            #.......     36%         3    ####...

Your spell library contained the following spells:

 Spells                   Type           Power        Failure   Level  Hunger
 Corona                   Hex            #......      12%         1    ##.....
 Ensorcelled Hibernation  Hex/Ice        #.....       34%         2    ###....
 Tukima's Dance           Hex            #.......     36%         3    ####...
 Dazzling Spray           Conj/Hex       #.....       56%         3    ####...


Dungeon Overview and Level Annotations

Branches:
Dungeon (3/12)

Altars:


Innate Abilities, Weirdness & Mutations

Your body is rotting away.
You thrive on raw meat.
You are immune to poison.
You have sharp fingernails.
You are carnivorous and can eat meat at any time.
Your flesh is cold resistant. (rC+)
You are immune to negative energy. (rN+++)
You do not regenerate when monsters are visible.
You are immune to unholy pain and torment.
You can survive without breathing.


Message History

The centaur hits you but does no damage.
You barely miss the centaur. The centaur hits you.
You scratch the centaur but do no damage.
The centaur hits you. x2
* * * LOW HITPOINT WARNING * * *
You scratch the centaur but do no damage.
The centaur barely misses you.
You scratch the centaur but do no damage.
The centaur closely misses you. The centaur hits you.
* * * LOW HITPOINT WARNING * * *
You closely miss the centaur.
The centaur hits you but does no damage.
You barely miss the centaur. The centaur closely misses you.
The centaur misses you.
Your leather armour prevents you from hitting the centaur.
The centaur barely misses you.
You scratch the centaur.
The centaur is lightly wounded.
The centaur barely misses you. The centaur hits you.
You die...

#..#
....
#..#
#..#
#..#
#..#
#c.#
#.@#
#.##
#(
##


You could see a centaur.

Vanquished Creatures
  3 oozes
  A dart slug (D:2)
  2 leopard geckos
  5 bats
  A giant cockroach (D:1)
  2 goblins (D:1)
  6 hobgoblins (D:1)
  6 jackals (D:1)
  A frilled lizard (D:1)
  3 kobolds (D:1)
  A rat (D:1)
31 creatures vanquished.

Notes
Turn   | Place    | Note
-------+----------+-------------------------------------------
     0 | D:1      | Chiseanne the Ghoul Enchanter began the quest for the Orb.
     0 | D:1      | Reached XP level 1. HP: 14/14 MP: 2/2
   359 | D:1      | Reached XP level 2. HP: 7/22 MP: 3/3
   645 | D:1      | Reached skill level 1 in Fighting
   913 | D:1      | Reached XP level 3. HP: 22/27 MP: 5/5
  1283 | D:1      | Learned a level 3 spell: Confuse
  1902 | D:3      | Noticed a centaur
  1912 | D:3      | Slain by a centaur

Skill      XL: |  1  2 |
---------------+-------+-----
Dodging        | 2 |  2.3
Spellcasting   | 2 |  2.2
Fighting       | 1 |  1.4
Short Blades   | |  0.8
Armour         | |  0.5
Stealth        | |  3.6
Hexes          | |  2.8

Action                   || total
-------------------------++-------
Melee: Unarmed           ||   201
  Use: Potion            ||     1
       Scroll            ||     5
  Eat: Chunk             ||     5
Armor: Robe              ||    30
       Leather armour    ||    22
Dodge: Dodged            ||   161
